 Dungeon Crawl Stone Soup version 0.23.2-30-g0e89c35649 (webtiles) character file.

Game seed: 3095502702714804647

1447 EcosseEcosse the Cleaver (level 8, 0/70 HPs)
             Began as a Hill Orc Fighter on June 7, 2019.
             Was a Believer of Vehumet.
             Slain by a shadow imp (3 damage)
             ... on level 6 of the Dungeon on June 9, 2019.
             The game lasted 00:35:57 (5284 turns).

EcosseEcosse the Cleaver (Hill Orc Fighter)         Turns: 5284, Time: 00:35:57

Health: 0/70       AC:  7    Str: 26    XL:     8   Next: 75%
Magic:  17/17      EV:  9    Int:  8    God:    Vehumet [**....]
Gold:   255        SH: 10    Dex: 10    Spells: 7/7 levels left

rFire    . . .     SeeInvis .   F - +3 short sword (drain)
rCold    . . .     Gourm    +   c - +0 shield
rNeg     + . .     Faith    .   b - +0 scale mail
rPois    .         Spirit   .   (no helmet)
rElec    .         Reflect  .   (no cloak)
rCorr    .         Harm     .   (no gloves)
MR       .....                  (no boots)
Stlth    ..........             z - amulet of the gourmand {eatall}
HPRegen  0.21/turn              x - ring of magical power
MPRegen  0.15/turn              h - ring of positive energy

@: mighty, lethally poisoned (0 -> -2)
A: no striking features
a: Renounce Religion


You were on level 6 of the Dungeon.
You worshipped Vehumet.
Vehumet was pleased with you.
You were not hungry.

You visited 1 branch of the dungeon, and saw 7 of its levels.

You collected 255 gold pieces.

Inventory:

Hand Weapons
 a - a +0 war axe
 F - a +3 short sword of draining (weapon)
Armour
 b - a +0 scale mail (worn)
 c - a +0 shield (worn)
 i - a +0 ring mail
 j - a +0 scale mail
 l - a cursed +0 leather armour
 m - a +0 scale mail
Jewellery
 h - a ring of positive energy (right hand)
 x - a ring of magical power (left hand)
 y - an uncursed ring of protection from cold {unknown}
 z - an amulet of the gourmand (around neck) {eatall}
Wands
 g - a wand of acid (6)
Scrolls
 e - 2 scrolls of enchant weapon {unknown}
 n - a scroll of fog {unknown}
 q - 2 scrolls of remove curse {unknown}
 r - 2 scrolls of enchant armour {unknown}
 t - 3 scrolls of teleportation {unknown}
 u - a scroll of amnesia {unknown}
 v - a scroll of fear {unknown}
 w - a scroll of random uselessness {unknown}
 C - a scroll of summoning {unknown}
 E - a scroll of identify
Potions
 k - a potion of magic {unknown}
 o - 3 potions of haste
 p - a potion of curing {unknown}
 s - a potion of heal wounds {unknown}
 A - a potion of agility {unknown}
 B - a potion of lignification
 D - 2 potions of brilliance {unknown}
Comestibles
 f - 10 rations


   Skills:
 + Level 6.1 Fighting
 + Level 8.9 Axes
 + Level 6.3 Armour
 + Level 1.9 Dodging
 + Level 5.7 Shields


You had 7 spell levels left.
You didn't know any spells.
Your spell library was empty.

Dungeon Overview and Level Annotations

Branches:
Dungeon (7/15)             Temple (0/1) D:7

Altars:
Dithmenos
Nemelex Xobeh
Vehumet
Yredelemnul
The Shining One


Message History

You feel sick.
The worker ant bites you but does no damage.
You block the hound's attack. You block the ogre's attack.
The shadow imp hits you. You block the worker ant's attack.
You climb upwards.
There is a stone staircase leading down here.
You hit the shadow imp.
The shadow imp is lightly wounded.
You feel sick. You block the hound's attack. The ogre completely misses you.
The shadow imp hits you but does no damage.
The hound bites you but does no damage.
You hit the shadow imp.
The shadow imp is lightly wounded.
You block the hound's attack. You block the shadow imp's attack.
The ogre hits you with a +0 giant club!!
* * * LOW HITPOINT WARNING * * *
The hound bites you but does no damage.
You feel very mighty all of a sudden. The shadow imp hits you.
You die...

....(........# #.##.#
#.## ##.##(.......###
#.##.# #.#
##....(..##....##
#..#.# #.#
...§§§...#####..#
##...# #.# ####§#..(#
##.## ###.# #.#
.##§§§#..## #..# #.#
#.# §#.#§#§#..# ##.#
### #.# §.§§_§§§..###
#5## #.#
##§#§#§#....####@O###
#.#
##.§.#..##.(.###ha.#
#.#
##§#..#####..####.###
#####.## #...##
##.#......# #......#
##### #.)<.....#
#......# ###).....#
#......# #......#
######## #......#
########


You could see an ogre, a hound, a worker ant and a shadow imp.

Vanquished Creatures
  A hungry ghost (D:7)
  A sky beast (D:6)
  2 phantoms (D:5)
  2 ogres
  2 centaurs
  A bullfrog (D:4)
  2 crimson imps (D:5)
  A quasit (D:5)
  3 hounds
  A jelly (D:5)
  2 orc wizards
  2 bullfrog skeletons (D:5)
  A worker ant (D:4)
  2 hound zombies
  A howler monkey zombie (D:5)
  2 worker ant zombies (D:5)
  4 gnolls (D:2)
  11 adders
  An ooze (D:5)
  2 adder zombies (D:5)
  2 dart slugs
  A leopard gecko (D:4)
  16 orcs
  4 giant cockroaches
  8 goblins
  6 hobgoblins
  5 jackals (D:5)
  A kobold (D:2)
  3 quokkas
  8 bats
  3 frilled lizards
  2 leopard gecko skeletons
  A quokka skeleton (D:5)
  4 rats (D:1)
  2 withered plants (D:5)
110 creatures vanquished.

Vanquished Creatures (others)
  An orc (D:6)
1 creature vanquished.

Grand Total: 111 creatures vanquished

Notes
Turn   | Place    | Note
-------+----------+-------------------------------------------
     0 | D:1      | EcosseEcosse the Hill Orc Fighter began the quest for the
                  | Orb.
     0 | D:1      | Reached XP level 1. HP: 19/19 MP: 1/1
   157 | D:1      | Reached XP level 2. HP: 27/27 MP: 2/2
   359 | D:1      | Reached skill level 3 in Axes
  1043 | D:2      | Reached XP level 3. HP: 23/33 MP: 3/3
  1055 | D:2      | Found a glowing golden altar of the Shining One.
  1070 | D:2      | Found a basalt altar of Yredelemnul.
  1072 | D:2      | Noticed a profane servitor
  1086 | D:2      | Noticed an angel
  1135 | D:2      | Found a sparkling altar of Nemelex Xobeh.
  1400 | D:2      | Reached skill level 4 in Axes
  1400 | D:2      | Reached XP level 4. HP: 34/40 MP: 4/4
  1665 | D:2      | You fall through a shaft!
  2018 | D:3      | Found a radiant altar of Vehumet.
  2272 | D:3      | Reached XP level 5. HP: 41/46 MP: 5/5
  2579 | D:3      | Became a worshipper of Vehumet
  3305 | D:4      | Reached skill level 5 in Axes
  3305 | D:4      | Reached XP level 6. HP: 37/55 MP: 6/6
  3460 | D:5      | Entered Level 5 of the Dungeon
  3488 | D:5      | Reached skill level 6 in Axes
  3588 | D:5      | Reached skill level 5 in Fighting
  3592 | D:5      | Reached * piety under Vehumet
  3592 | D:5      | Offered knowledge of Freeze by Vehumet.
  3683 | D:5      | Reached skill level 1 in Dodging
  3683 | D:5      | Reached XP level 7. HP: 36/61 MP: 7/7
  3766 | D:5      | Reached skill level 5 in Armour
  3841 | D:5      | Reached skill level 5 in Shields
  3962 | D:5      | Reached skill level 7 in Axes
  4119 | D:5      | Reached XP level 8. HP: 56/70 MP: 8/8
  4232 | D:6      | Found a shadowy altar of Dithmenos.
  4607 | D:5      | Reached skill level 8 in Axes
  4621 | D:6      | Offered knowledge of Searing Ray by Vehumet.
  4631 | D:5      | Reached ** piety under Vehumet
  5174 | D:7      | Found a staircase to the Ecumenical Temple.
  5283 | D:6      | HP: 2/70 [ogre/+0 giant club (26)]
  5284 | D:6      | Slain by a shadow imp

Skill      XL: |  1  2  3  4  5  6  7  8 |
---------------+-------------------------+-----
Axes           | 3 4 5 6 7 8 |  8.9
Fighting       | 4 5 6 |  6.1
Armour         | 4 5 6 |  6.3
Shields        | 4 5 |  5.7
Dodging        | 1 |  1.9

Action                   |  1- 3 |  4- 6 |  7- 9 || total
-------------------------+-------+-------+-------++-------
Melee: War axe           |    91 |   221 |   179 ||   491
       Short sword       |       |       |     8 ||     8
  Use: Scroll            |       |     3 |     3 ||     6
       Potion            |       |     2 |     1 ||     3
  Eat: Chunk             |     2 |     4 |     9 ||    15
       Ration            |       |     1 |     2 ||     3
Armor: Scale mail        |    36 |    92 |    87 ||   215
Dodge: Dodged            |    42 |    69 |    53 ||   164
Block: Shield            |    46 |   116 |   116 ||   278
